Blues vs Flames

Created - Tuesday, March 17, 2015 at 23:36

Goals
1 2 3 T
Blues 0 1 0 1
Flames 1 1 1 3
Shots
1 2 3 T
Blues 7 10 6 23
Flames 10 9 13 32

1st period

1. Flames , Jason Spezza 21 (Martin St. Louis) at 3:00 (PP)

Penalties :
Johan Franzen (StL) for Slashing (Minor) at 1:29, Johan Franzen (StL) for Boarding (Minor) at 8:04, Aleksander Barkov (Cal) for Hooking (Minor) at 19:04

2nd period

2. Flames , Mikael Backlund 9 (Justin Faulk) at 0:04 (SH)
3. Blues , Rick Nash 30 (Bryan Allen) at 12:53

Penalties :
No Penalty

3rd period

4. Flames , Jason Pominville 37 (Jason Spezza) at 0:10

Penalties :
Andrew Desjardins (StL) for Interference (Minor) at 10:25, Bryan Allen (StL) for Holding (Minor) at 10:58, Kris Russell (Cal) for Tripping (Minor) at 19:48

Goalie Stats

Henrik Lundqvist (StL), 29 saves from 32 shots - (0.906), L, 37-17-5, 60:00 minutes
Ryan Miller (Cal), 22 saves from 23 shots - (0.957), W, 29-18-10, 60:00 minutes

Players Stats for Blues

Player Name              G  A  P  +/- PIM S  H  SB GA TA FO     MP     PP MP  PK MP  
------------------------------------------------------------------------------------
Anders Lee               0  0  0   0  0   0  1  0  1  0  1/4     8:10   0:00   0:00 
Andrew Desjardins        0  0  0   0  2   1  2  0  1  0  3/5    16:53   0:00   2:01 
Artem Anisimov           0  0  0   0  0   0  0  2  2  0  0/0    18:49   0:54   1:34 
Brandon Saad             0  0  0   0  0   3  1  0  2  1  1/1    17:14   0:54   0:00 
Bryan Allen              0  1  1   1  2   1  3  1  0  1  0/0    18:35   0:00   2:31 
Cam Atkinson             0  0  0   0  0   1  1  0  1  0  0/1    14:24   0:00   0:00 
Hampus Lindholm          0  0  0   0  0   2  1  1  1  1  0/0    16:53   0:00   0:25 
Joe Vitale               0  0  0   0  0   0  1  0  0  0  0/0     8:10   0:00   0:00 
Johan Franzen            0  0  0   0  4   2  1  0  5  1  7/11   17:13   0:54   0:00 
Josh Gorges              0  0  0  -2  0   1  0  1  0  1  0/0    20:44   2:10   3:05 
Kevan Miller             0  0  0   0  0   0  0  3  0  0  0/0    15:41   0:00   0:00 
Mark Fayne               0  0  0   1  0   3  1  3  2  1  0/0    19:01   0:00   2:57 
Matt Donovan             0  0  0   0  0   0  0  0  0  0  0/0     4:34   0:00   0:00 
Rick Nash                1  0  1  -1  0   2  0  0  2  0  0/0    15:23   1:16   1:33 
Sean Couturier           0  0  0  -1  0   0  0  1  1  0  12/21  22:27   1:16   2:29 
Steve Ott                0  0  0  -1  0   0  1  0  1  0  0/0    17:37   1:16   3:01 
Tomas Tatar              0  0  0   0  0   5  0  0  3  0  0/0    15:22   0:00   0:00 
Zdeno Chara              0  0  0  -2  0   2  8  0  0  2  0/0    25:18   2:10   3:05 

Players Stats for Flames

Player Name              G  A  P  +/- PIM S  H  SB GA TA FO     MP     PP MP  PK MP  
------------------------------------------------------------------------------------
Aleksander Barkov        0  0  0   0  2   2  1  0  3  0  2/6    12:05   0:00   0:00 
Brian Campbell           0  0  0   1  0   0  0  0  1  2  0/0    22:25   2:36   1:10 
Cory Sarich              0  0  0  -1  0   1  1  1  0  1  0/0    15:37   0:00   0:00 
Jason Pominville         1  0  1   1  0   3  0  1  2  0  0/0    17:16   3:14   0:00 
Jason Spezza             1  1  2   1  0   3  2  1  2  1  6/15   17:16   3:14   0:00 
Joakim Andersson         0  0  0   0  0   0  2  2  0  1  1/4    13:17   0:00   1:10 
Joe Colborne             0  0  0   0  0   2  3  0  0  1  0/0    11:20   0:00   0:00 
Jordan Staal             0  0  0  -1  0   0  2  1  1  1  7/13   16:21   2:48   0:00 
Justin Faulk             0  1  1   1  0   0  1  2  0  1  0/0    23:39   2:36   1:10 
Kris Russell             0  0  0   1  2   5  2  2  0  3  0/0    20:43   3:26   1:00 
Martin St. Louis         0  1  1  -1  0   0  1  0  2  0  0/0    16:39   3:14   0:00 
Michael Frolik           0  0  0  -1  0   2  1  0  1  1  0/0    16:21   2:48   0:00 
Mikael Backlund          1  0  1   2  0   2  1  1  0  0  2/3    15:36   0:00   1:00 
Nick Spaling             0  0  0   0  0   4  3  1  1  0  0/0    12:30   0:00   1:10 
Paul Byron               0  0  0   1  0   1  2  0  1  0  0/1    13:53   0:00   1:00 
Sean Monahan             0  0  0   0  0   1  1  1  2  0  1/1    15:15   2:48   0:00 
TJ Brodie                0  0  0   1  0   4  2  4  0  0  0/0    21:58   3:26   1:00 
Tyler Wotherspoon        0  0  0  -1  0   2  1  0  0  1  0/0    15:37   0:00   0:00 

3 Stars

1 - Jason Spezza (Cal)
2 - Ryan Miller (Cal)
3 - Mikael Backlund (Cal)

Power Play

Blues - 0 on 2 Attempt(s) - 0.00%
Flames - 1 on 4 Attempt(s) - 25.00%

Penalty Kill

Blues - 3 on 4 Attempt(s) - 75.00% - Score 0 goal in Penalty Kill
Flames - 2 on 2 Attempt(s) - 100.00% - Score 1 goal in Penalty Kill

Team Stat

Blues - Hits : 21 - Faceoff Wins : 24 - Blocked Shots : 12 - Penalty Minutes : 8
Flames - Hits : 26 - Faceoff Wins : 19 - Blocked Shots : 17 - Penalty Minutes : 4

Official

Referees : Unknown
Linesman : Unknown

Game Notes

No Game Note

Finance

Level 1 -- Attendance: 4417 (73.62%) -- Ticket Income $441,700
Level 2 -- Attendance: 3446 (68.92%) -- Ticket Income $206,760
Level 3 -- Attendance: 1469 (73.45%) -- Ticket Income $51,415
Level 4 -- Attendance: 2791 (69.78%) -- Ticket Income $55,820
Luxury Box -- Attendance: 771 (77.10%) -- Ticket Income $154,200
Game was played at the Pengrowth Saddledome'
Total Attendance: 12894 (71.63%)
Total Ticket Income: $909,895
Other Income: $445,849
Total Income: $1,355,744

Blues

5 vs 5 Forward 
   Center                   Left Wing                Right Wing               Time % Phy DF OF 
 1 Sean Couturier           Steve Ott                Rick Nash                35     1   2  2  
 2 Johan Franzen            Artem Anisimov           Brandon Saad             30     1   2  2  
 3 Andrew Desjardins        Tomas Tatar              Cam Atkinson             22     1   2  2  
 4 Anders Lee               Sean Couturier           Joe Vitale               13     1   2  2  

5 vs 5 Defense 
   Defense                  Defense                                           Time % Phy DF OF 
 1 Zdeno Chara              Josh Gorges                                       35     1   2  2  
 2 Bryan Allen              Mark Fayne                                        30     1   2  2  
 3 Kevan Miller             Hampus Lindholm                                   22     1   2  2  
 4 Matt Donovan             Zdeno Chara                                       13     1   2  2  

PowerPlay Forward 
   Center                   Left Wing                Right Wing               Time % Phy DF OF 
 1 Sean Couturier           Steve Ott                Rick Nash                60     1   2  2  
 2 Johan Franzen            Artem Anisimov           Brandon Saad             40     1   2  2  

PowerPlay Defense
   Defense                  Defense                                           Time % Phy DF OF 
 1 Zdeno Chara              Josh Gorges                                       60     1   2  2  
 2 Bryan Allen              Mark Fayne                                        40     1   2  2  

Penalty Kill 4 Players Forward 
   Center                   Wing                     Time % Phy DF OF 
 1 Sean Couturier           Steve Ott                60     1   2  2  
 2 Rick Nash                Johan Franzen            40     1   2  2  

Penalty Kill 4 Players Defense
   Defense                  Defense                  Time % Phy DF OF 
 1 Zdeno Chara              Josh Gorges              60     1   2  2  
 2 Bryan Allen              Mark Fayne               40     1   2  2  

Penalty Kill - 3 Players Forward 
   Forward                                           Time % Phy DF OF 
 1 Sean Couturier                                    60     1   2  2  
 2 Steve Ott                                         40     1   2  2  

Penalty Kill - 3 Players Defense
   Defense                  Defense                  Time % Phy DF OF 
 1 Zdeno Chara              Josh Gorges              60     1   2  2  
 2 Bryan Allen              Mark Fayne               40     1   2  2  

4 vs 4 Forward 
   Center                   Wing                     Time % Phy DF OF 
 1 Sean Couturier           Steve Ott                60     1   2  2  
 2 Rick Nash                Johan Franzen            40     1   2  2  

4 vs 4 Defense
   Defense                  Defense                  Time % Phy DF OF 
 1 Zdeno Chara              Josh Gorges              60     1   2  2  
 2 Bryan Allen              Mark Fayne               40     1   2  2  

Last Minutes Offensive
   Center                   Left Wing                Right Wing               Defense                  Defense                  
   Sean Couturier           Steve Ott                Rick Nash                Zdeno Chara              Josh Gorges              

Last Minutes Defensive
   Center                   Left Wing                Right Wing               Defense                  Defense                  
   Sean Couturier           Steve Ott                Rick Nash                Zdeno Chara              Josh Gorges              

Goaltenders
Starting : Henrik Lundqvist         
Backup : Frederik Andersen        

Extra Forwards
Normal : Tomas Tatar, Cam Atkinson, Andrew Desjardins - PP : Tomas Tatar, Cam Atkinson - PK : Andrew Desjardins
Extra Defensemen
Normal : Kevan Miller, Hampus Lindholm, Matt Donovan - PP : Kevan Miller - PK : Hampus Lindholm, Matt Donovan
Penalty Shots
Sean Couturier, Steve Ott, Rick Nash, Johan Franzen, Artem Anisimov

Flames

5 vs 5 Forward 
   Center                   Left Wing                Right Wing               Time % Phy DF OF 
 1 Jason Spezza             Mikael Backlund          Jason Pominville         30     0   1  4  
 2 Jordan Staal             Michael Frolik           Martin St. Louis         28     0   1  4  
 3 Sean Monahan             Joakim Andersson         Paul Byron               22     1   2  2  
 4 Aleksander Barkov        Nick Spaling             Joe Colborne             20     1   2  2  

5 vs 5 Defense 
   Defense                  Defense                                           Time % Phy DF OF 
 1 Brian Campbell           Justin Faulk                                      36     1   2  2  
 2 TJ Brodie                Kris Russell                                      30     1   2  2  
 3 Tyler Wotherspoon        Cory Sarich                                       26     1   2  2  
 4 TJ Brodie                Justin Faulk                                      8      1   2  2  

PowerPlay Forward 
   Center                   Left Wing                Right Wing               Time % Phy DF OF 
 1 Jason Spezza             Martin St. Louis         Jason Pominville         50     0   0  5  
 2 Jordan Staal             Sean Monahan             Michael Frolik           50     0   0  5  

PowerPlay Defense
   Defense                  Defense                                           Time % Phy DF OF 
 1 Brian Campbell           Justin Faulk                                      50     0   0  5  
 2 TJ Brodie                Kris Russell                                      50     0   0  5  

Penalty Kill 4 Players Forward 
   Center                   Wing                     Time % Phy DF OF 
 1 Joakim Andersson         Nick Spaling             50     1   4  0  
 2 Mikael Backlund          Paul Byron               50     1   4  0  

Penalty Kill 4 Players Defense
   Defense                  Defense                  Time % Phy DF OF 
 1 Brian Campbell           Justin Faulk             50     0   5  0  
 2 TJ Brodie                Kris Russell             50     1   4  0  

Penalty Kill - 3 Players Forward 
   Forward                                           Time % Phy DF OF 
 1 Joakim Andersson                                  50     0   5  0  
 2 Mikael Backlund                                   50     0   5  0  

Penalty Kill - 3 Players Defense
   Defense                  Defense                  Time % Phy DF OF 
 1 Brian Campbell           Justin Faulk             50     0   5  0  
 2 TJ Brodie                Cory Sarich              50     0   5  0  

4 vs 4 Forward 
   Center                   Wing                     Time % Phy DF OF 
 1 Jordan Staal             Martin St. Louis         50     1   2  2  
 2 Jason Spezza             Jason Pominville         50     1   2  2  

4 vs 4 Defense
   Defense                  Defense                  Time % Phy DF OF 
 1 Brian Campbell           Justin Faulk             50     1   2  2  
 2 TJ Brodie                Tyler Wotherspoon        50     1   2  2  

Last Minutes Offensive
   Center                   Left Wing                Right Wing               Defense                  Defense                  
   Jason Spezza             Martin St. Louis         Jason Pominville         Brian Campbell           Justin Faulk             

Last Minutes Defensive
   Center                   Left Wing                Right Wing               Defense                  Defense                  
   Mikael Backlund          Joakim Andersson         Michael Frolik           TJ Brodie                Kris Russell             

Goaltenders
Starting : Ryan Miller              
Backup : Calvin Pickard           

Extra Forwards
Normal : Mikael Backlund, Jason Spezza, Aleksander Barkov - PP : Mikael Backlund, Aleksander Barkov - PK : Nick Spaling
Extra Defensemen
Normal : Justin Faulk, Kris Russell, Cory Sarich - PP : Kris Russell - PK : Tyler Wotherspoon, Cory Sarich
Penalty Shots
Sean Monahan, Jason Spezza, Mikael Backlund, Martin St. Louis, Jason Pominville

% Time on Ice - Blues

Lines # - Real PCT - Wanted PCT - Time Play
Normal Forward
1 - 26% - 35% - 13:20
2 - 32% - 30% - 16:21
3 - 27% - 22% - 13:57
4 - 16% - 13% - 8:10
Normal Defense
1 - 30% - 35% - 15:29
2 - 31% - 30% - 16:04
3 - 30% - 22% - 15:41
4 - 9% - 13% - 4:34
PP Forward
1 - 58% - 60% - 1:16
2 - 42% - 40% - 0:54
PP Defense
1 - 100% - 60% - 2:10
2 - 0% - 40% - 0:00
PK Forward
1 - 66% - 60% - 3:03
2 - 34% - 40% - 1:33
PK Defense
1 - 36% - 60% - 1:39
2 - 64% - 40% - 2:57
PK3 Forward
1 - 100% - 60% - 1:26
2 - 0% - 40% - 0:00
PK3 Defense
1 - 100% - 60% - 1:26
2 - 0% - 40% - 0:00
44 Forward
1 - 0% - 60%
2 - 0% - 40%
44 Defense
1 - 0% - 60%
2 - 0% - 40%
Last Minute Offensive  - 0:00
Last Minute Defensive  - 0:00
Total
Forward - 60:00
Defense - 60:00

% Time on Ice - Flames

Lines # - Real PCT - Wanted PCT - Time Play
Normal Forward
1 - 27% - 30% - 14:02
2 - 28% - 28% - 14:19
3 - 23% - 22% - 12:07
4 - 22% - 20% - 11:20
Normal Defense
1 - 36% - 36% - 18:39
2 - 31% - 30% - 16:18
3 - 30% - 26% - 15:37
4 - 2% - 8% - 1:14
PP Forward
1 - 54% - 50% - 3:14
2 - 46% - 50% - 2:48
PP Defense
1 - 43% - 50% - 2:36
2 - 57% - 50% - 3:26
PK Forward
1 - 54% - 50% - 1:10
2 - 46% - 50% - 1:00
PK Defense
1 - 54% - 50% - 1:10
2 - 46% - 50% - 1:00
PK3 Forward
1 - 0% - 50%
2 - 0% - 50%
PK3 Defense
1 - 0% - 50%
2 - 0% - 50%
44 Forward
1 - 0% - 50%
2 - 0% - 50%
44 Defense
1 - 0% - 50%
2 - 0% - 50%
Last Minute Offensive  - 0:00
Last Minute Defensive  - 0:00
Total
Forward - 60:00
Defense - 60:00

Play by Play

1st period


0:01 of 1st period - Jason Spezza wins face-off versus Sean Couturier in neutral zone.
0:04 of 1st period - Josh Gorges is hit by Justin Faulk and loses puck.
0:11 of 1st period - Slapshot by Zdeno Chara.
0:11 of 1st period - Stopped by Ryan Miller with a rebound.
0:23 of 1st period - Slapshot by Rick Nash.
0:23 of 1st period - Shot Blocked by Jason Pominville.
0:25 of 1st period - Wrist shot by Sean Couturier.
0:25 of 1st period - Shot Misses the Net.
0:27 of 1st period - Wrist shot by Sean Couturier.
0:27 of 1st period - Shot Misses the Net.
0:29 of 1st period - Slapshot by Zdeno Chara.
0:29 of 1st period - Stopped by Ryan Miller with a rebound.
0:44 of 1st period - Icing by Justin Faulk.
0:45 of 1st period - Brandon Saad wins face-off versus Jordan Staal in Flames zone.
1:29 of 1st period - Minor Penalty to Johan Franzen for Slashing.
1:30 of 1st period - Sean Couturier wins face-off versus Jason Spezza in Blues zone.
1:43 of 1st period - Snap shot by Jason Spezza.
1:43 of 1st period - Shot Misses the Net.
1:45 of 1st period - Slapshot by Kris Russell.
1:45 of 1st period - Stopped by Henrik Lundqvist with a rebound.
1:47 of 1st period - Slapshot by TJ Brodie.
1:47 of 1st period - Shot Misses the Net.
1:49 of 1st period - Snap shot by Kris Russell.
1:49 of 1st period - Stopped by Henrik Lundqvist with a rebound.
1:51 of 1st period - Slapshot by Kris Russell.
1:51 of 1st period - Stopped by Henrik Lundqvist with a rebound.
2:18 of 1st period - Off-side.
2:19 of 1st period - Andrew Desjardins wins face-off versus Jordan Staal in neutral zone.
2:32 of 1st period - Slapshot by Brian Campbell.
2:32 of 1st period - Shot Blocked by Mark Fayne.
3:00 of 1st period - Snap shot by Jason Spezza.
3:00 of 1st period - Goal by Jason Spezza - Blues : 0 - Flames : 1.
3:01 of 1st period - Aleksander Barkov wins face-off versus Anders Lee in neutral zone.
3:10 of 1st period - Anders Lee is hit by Aleksander Barkov and loses puck.
3:47 of 1st period - Matt Donovan is hit by Joakim Andersson and loses puck.
3:54 of 1st period - Joakim Andersson is hit by Andrew Desjardins and loses puck.
4:15 of 1st period - Wrist shot by Cam Atkinson.
4:15 of 1st period - Shot Blocked by Cory Sarich.
4:21 of 1st period - Kevan Miller is hit by Paul Byron and loses puck.
4:32 of 1st period - Kris Russell is hit by Cam Atkinson and loses puck.
4:38 of 1st period - Icing by Mikael Backlund.
4:39 of 1st period - Johan Franzen wins face-off versus Jason Spezza in Flames zone.
4:42 of 1st period - Wrist shot by Brandon Saad.
4:42 of 1st period - Stopped by Ryan Miller with a rebound.
4:44 of 1st period - Slapshot by Mark Fayne.
4:44 of 1st period - Shot Blocked by Mikael Backlund.
5:32 of 1st period - Kris Russell is hit by Bryan Allen and loses puck.
6:53 of 1st period - Andrew Desjardins is hit by Cory Sarich.
7:21 of 1st period - Slapshot by Kris Russell.
7:21 of 1st period - Stopped by Henrik Lundqvist with a rebound.
7:23 of 1st period - Slapshot by Joakim Andersson.
7:23 of 1st period - Shot Misses the Net.
7:29 of 1st period - Snap shot by Sean Monahan.
7:29 of 1st period - Shot Hit the Post.
7:53 of 1st period - Snap shot by Johan Franzen.
7:53 of 1st period - Stopped by Ryan Miller with a rebound.
8:04 of 1st period - Minor Penalty to Johan Franzen for Boarding.
8:05 of 1st period - Sean Couturier wins face-off versus Jason Spezza in Blues zone.
8:14 of 1st period - Josh Gorges is hit by Martin St. Louis.
8:24 of 1st period - Josh Gorges is hit by Kris Russell and loses puck.
8:53 of 1st period - Mark Fayne is hit by TJ Brodie and loses puck.
9:09 of 1st period - Slapshot by Bryan Allen.
9:09 of 1st period - Shot Misses the Net.
9:11 of 1st period - Slapshot by Bryan Allen.
9:11 of 1st period - Stopped by Ryan Miller without a rebound.
9:12 of 1st period - Jordan Staal wins face-off versus Andrew Desjardins in Flames zone.
9:17 of 1st period - Snap shot by Steve Ott.
9:17 of 1st period - Shot Blocked by Justin Faulk.
9:31 of 1st period - Snap shot by Michael Frolik.
9:31 of 1st period - Shot Misses the Net.
9:51 of 1st period - Wrist shot by Jason Pominville.
9:51 of 1st period - Shot Misses the Net.
10:04 of 1st period - Penalty to Johan Franzen is over, Johan Franzen is back on ice.
10:11 of 1st period - Brian Campbell is hit by Bryan Allen and loses puck.
10:43 of 1st period - Wrist shot by Nick Spaling.
10:43 of 1st period - Stopped by Henrik Lundqvist with a rebound.
10:59 of 1st period - Slapshot by Aleksander Barkov.
10:59 of 1st period - Stopped by Henrik Lundqvist without a rebound.
11:00 of 1st period - Jason Spezza wins face-off versus Anders Lee in Blues zone.
11:41 of 1st period - Josh Gorges is hit by Joakim Andersson.
12:10 of 1st period - Slapshot by Hampus Lindholm.
12:10 of 1st period - Deflect By TJ Brodie.
12:10 of 1st period - Stopped by Ryan Miller without a rebound.
12:11 of 1st period - Aleksander Barkov wins face-off versus Sean Couturier in Flames zone.
12:18 of 1st period - Wrist shot by Aleksander Barkov.
12:18 of 1st period - Shot Misses the Net.
12:27 of 1st period - Off-side.
12:28 of 1st period - Johan Franzen wins face-off versus Aleksander Barkov in neutral zone.
12:52 of 1st period - Snap shot by Aleksander Barkov.
12:52 of 1st period - Deflect By Joe Colborne.
12:52 of 1st period - Shot Misses the Net.
12:52 of 1st period - Puck is out of play.
12:53 of 1st period - Jordan Staal wins face-off versus Sean Couturier in Blues zone.
13:06 of 1st period - Snap shot by Martin St. Louis.
13:06 of 1st period - Shot Misses the Net.
13:08 of 1st period - Snap shot by Jordan Staal.
13:08 of 1st period - Shot Blocked by Sean Couturier.
13:17 of 1st period - Wrist shot by Martin St. Louis.
13:17 of 1st period - Shot Misses the Net.
13:19 of 1st period - Slapshot by Jordan Staal.
13:19 of 1st period - Shot Blocked by Kevan Miller.
13:21 of 1st period - Slapshot by Michael Frolik.
13:21 of 1st period - Stopped by Henrik Lundqvist with a rebound.
13:23 of 1st period - Slapshot by Tyler Wotherspoon.
13:23 of 1st period - Stopped by Henrik Lundqvist without a rebound.
13:24 of 1st period - Jason Spezza wins face-off versus Cam Atkinson in Blues zone.
14:17 of 1st period - Joakim Andersson is hit by Zdeno Chara and loses puck.
15:36 of 1st period - Justin Faulk is hit by Anders Lee and loses puck.
16:02 of 1st period - Brian Campbell is hit by Andrew Desjardins and loses puck.
16:13 of 1st period - Brian Campbell is hit by Bryan Allen.
16:35 of 1st period - Johan Franzen is hit by Jason Spezza.
16:39 of 1st period - TJ Brodie is hit by Zdeno Chara and loses puck.
17:22 of 1st period - Tomas Tatar is hit by Joe Colborne and loses puck.
17:31 of 1st period - Snap shot by Aleksander Barkov.
17:31 of 1st period - Shot Misses the Net.
17:35 of 1st period - Snap shot by Nick Spaling.
17:35 of 1st period - Stopped by Henrik Lundqvist without a rebound.
17:36 of 1st period - Sean Monahan wins face-off versus Anders Lee in Blues zone.
17:51 of 1st period - Snap shot by Anders Lee.
17:51 of 1st period - Shot Misses the Net.
17:57 of 1st period - Slapshot by Tomas Tatar.
17:57 of 1st period - Stopped by Ryan Miller without a rebound.
17:58 of 1st period - Johan Franzen wins face-off versus Jason Spezza in Flames zone.
18:56 of 1st period - Slapshot by Steve Ott.
18:56 of 1st period - Shot Blocked by Nick Spaling.
19:04 of 1st period - Minor Penalty to Aleksander Barkov for Hooking.
19:05 of 1st period - Sean Couturier wins face-off versus Joakim Andersson in Flames zone.
19:14 of 1st period - Snap shot by Rick Nash.
19:14 of 1st period - Shot Blocked by TJ Brodie.
19:16 of 1st period - Wrist shot by Steve Ott.
19:16 of 1st period - Shot Misses the Net.
19:18 of 1st period - Wrist shot by Sean Couturier.
19:18 of 1st period - Deflect By Rick Nash.
19:18 of 1st period - Shot Misses the Net.
19:18 of 1st period - Puck is out of play.
19:19 of 1st period - Sean Couturier wins face-off versus Joakim Andersson in Flames zone.
Goals for this period are 0 for Blues vs 1 for Flames.
Shots for this period are 7 for Blues vs 10 for Flames.

2nd period


0:01 of 2nd period - Mikael Backlund wins face-off versus Sean Couturier in neutral zone.
0:04 of 2nd period - Slapshot by Justin Faulk.
0:04 of 2nd period - Deflect By Mikael Backlund.
0:04 of 2nd period - Goal by Mikael Backlund - Blues : 0 - Flames : 2.
0:05 of 2nd period - Sean Couturier wins face-off versus Mikael Backlund in neutral zone.
1:04 of 2nd period - Penalty to Aleksander Barkov is over, Aleksander Barkov is back on ice.
1:12 of 2nd period - Mikael Backlund is hit by Brandon Saad and loses puck.
2:40 of 2nd period - Slapshot by Hampus Lindholm.
2:40 of 2nd period - Stopped by Ryan Miller with a rebound.
2:57 of 2nd period - Cory Sarich is hit by Hampus Lindholm and loses puck.
3:44 of 2nd period - Josh Gorges is hit by Sean Monahan and loses puck.
4:01 of 2nd period - Snap shot by Rick Nash.
4:01 of 2nd period - Stopped by Ryan Miller with a rebound.
4:03 of 2nd period - Slapshot by Josh Gorges.
4:03 of 2nd period - Deflect By Brian Campbell.
4:03 of 2nd period - Stopped by Ryan Miller with a rebound.
4:24 of 2nd period - Sean Monahan is hit by Zdeno Chara and loses puck.
4:31 of 2nd period - Wrist shot by Tomas Tatar.
4:31 of 2nd period - Stopped by Ryan Miller with a rebound.
5:01 of 2nd period - Wrist shot by Joe Vitale.
5:01 of 2nd period - Shot Blocked by Jordan Staal.
5:19 of 2nd period - Jordan Staal is hit by Steve Ott and loses puck.
6:11 of 2nd period - Icing by Johan Franzen.
6:12 of 2nd period - Johan Franzen wins face-off versus Aleksander Barkov in Blues zone.
6:25 of 2nd period - Mark Fayne is hit by Nick Spaling and loses puck.
7:15 of 2nd period - Snap shot by Jason Pominville.
7:15 of 2nd period - Shot Misses the Net.
7:17 of 2nd period - Slapshot by TJ Brodie.
7:17 of 2nd period - Stopped by Henrik Lundqvist without a rebound.
7:18 of 2nd period - Sean Couturier wins face-off versus Jordan Staal in Blues zone.
7:36 of 2nd period - Slapshot by Rick Nash.
7:36 of 2nd period - Shot Blocked by TJ Brodie.
9:45 of 2nd period - Martin St. Louis is hit by Zdeno Chara and loses puck.
10:18 of 2nd period - Snap shot by Aleksander Barkov.
10:18 of 2nd period - Stopped by Henrik Lundqvist without a rebound.
10:19 of 2nd period - Sean Couturier wins face-off versus Aleksander Barkov in Blues zone.
11:10 of 2nd period - Snap shot by Jason Spezza.
11:10 of 2nd period - Stopped by Henrik Lundqvist with a rebound.
11:12 of 2nd period - Wrist shot by Mikael Backlund.
11:12 of 2nd period - Stopped by Henrik Lundqvist with a rebound.
11:24 of 2nd period - Wrist shot by Jason Pominville.
11:24 of 2nd period - Shot Blocked by Kevan Miller.
11:26 of 2nd period - Slapshot by Brian Campbell.
11:26 of 2nd period - Shot Blocked by Artem Anisimov.
11:28 of 2nd period - Slapshot by Brian Campbell.
11:28 of 2nd period - Shot Misses the Net.
12:19 of 2nd period - Off-side.
12:20 of 2nd period - Jordan Staal wins face-off versus Andrew Desjardins in neutral zone.
12:53 of 2nd period - Slapshot by Rick Nash.
12:53 of 2nd period - Goal by Rick Nash - Blues : 1 - Flames : 2.
12:54 of 2nd period - Sean Couturier wins face-off versus Jason Spezza in neutral zone.
13:09 of 2nd period - Icing by Josh Gorges.
13:10 of 2nd period - Sean Couturier wins face-off versus Jason Spezza in Blues zone.
13:57 of 2nd period - Snap shot by Tomas Tatar.
13:57 of 2nd period - Stopped by Ryan Miller with a rebound.
13:59 of 2nd period - Snap shot by Bryan Allen.
13:59 of 2nd period - Deflect By Tomas Tatar.
13:59 of 2nd period - Stopped by Ryan Miller with a rebound.
14:01 of 2nd period - Slapshot by Mark Fayne.
14:01 of 2nd period - Shot Misses the Net.
14:03 of 2nd period - Wrist shot by Andrew Desjardins.
14:03 of 2nd period - Deflect By Justin Faulk.
14:03 of 2nd period - Stopped by Ryan Miller with a rebound.
14:05 of 2nd period - Slapshot by Mark Fayne.
14:05 of 2nd period - Stopped by Ryan Miller with a rebound.
14:07 of 2nd period - Slapshot by Mark Fayne.
14:07 of 2nd period - Deflect By Tomas Tatar.
14:07 of 2nd period - Shot Blocked by TJ Brodie.
14:07 of 2nd period - Puck is out of play.
14:08 of 2nd period - Anders Lee wins face-off versus Jordan Staal in Flames zone.
14:13 of 2nd period - Wrist shot by Anders Lee.
14:13 of 2nd period - Shot Misses the Net.
15:26 of 2nd period - Wrist shot by Joakim Andersson.
15:26 of 2nd period - Deflect By Sean Monahan.
15:26 of 2nd period - Stopped by Henrik Lundqvist without a rebound.
15:27 of 2nd period - Sean Couturier wins face-off versus Jason Spezza in Blues zone.
15:34 of 2nd period - Justin Faulk is hit by Zdeno Chara and loses puck.
15:39 of 2nd period - Backhand shot by Rick Nash.
15:39 of 2nd period - Shot Misses the Net.
16:32 of 2nd period - Tomas Tatar is hit by Joe Colborne and loses puck.
16:39 of 2nd period - Slapshot by Andrew Desjardins.
16:39 of 2nd period - Shot Blocked by Justin Faulk.
16:45 of 2nd period - Kevan Miller is hit by Joe Colborne and loses puck.
17:04 of 2nd period - Slapshot by Kris Russell.
17:04 of 2nd period - Shot Blocked by Hampus Lindholm.
17:06 of 2nd period - Slapshot by Kris Russell.
17:06 of 2nd period - Stopped by Henrik Lundqvist with a rebound.
17:08 of 2nd period - Slapshot by Kris Russell.
17:08 of 2nd period - Shot Blocked by Kevan Miller.
17:10 of 2nd period - Wrist shot by Paul Byron.
17:10 of 2nd period - Stopped by Henrik Lundqvist with a rebound.
17:12 of 2nd period - Snap shot by Joakim Andersson.
17:12 of 2nd period - Shot Misses the Net.
17:14 of 2nd period - Slapshot by TJ Brodie.
17:14 of 2nd period - Deflect By Andrew Desjardins.
17:14 of 2nd period - Stopped by Henrik Lundqvist without a rebound.
17:15 of 2nd period - Sean Couturier wins face-off versus Jordan Staal in Blues zone.
17:30 of 2nd period - Wrist shot by Rick Nash.
17:30 of 2nd period - Shot Misses the Net.
18:13 of 2nd period - Brandon Saad is hit by Jason Spezza.
18:21 of 2nd period - Snap shot by Brandon Saad.
18:21 of 2nd period - Stopped by Ryan Miller with a rebound.
18:56 of 2nd period - Kris Russell is hit by Joe Vitale and loses puck.
Goals for this period are 1 for Blues vs 1 for Flames.
Shots for this period are 10 for Blues vs 9 for Flames.

3rd period


0:01 of 3rd period - Jason Spezza wins face-off versus Sean Couturier in neutral zone.
0:10 of 3rd period - Slapshot by Jason Pominville.
0:10 of 3rd period - Goal by Jason Pominville - Blues : 1 - Flames : 3.
0:11 of 3rd period - Jason Spezza wins face-off versus Sean Couturier in neutral zone.
0:35 of 3rd period - Snap shot by Jason Pominville.
0:35 of 3rd period - Deflect By Steve Ott.
0:35 of 3rd period - Stopped by Henrik Lundqvist without a rebound.
0:36 of 3rd period - Jordan Staal wins face-off versus Johan Franzen in Blues zone.
0:47 of 3rd period - Snap shot by Johan Franzen.
0:47 of 3rd period - Shot Hit the Post.
0:49 of 3rd period - Slapshot by Mark Fayne.
0:49 of 3rd period - Stopped by Ryan Miller with a rebound.
0:51 of 3rd period - Slapshot by Mark Fayne.
0:51 of 3rd period - Stopped by Ryan Miller with a rebound.
0:53 of 3rd period - Slapshot by Mark Fayne.
0:53 of 3rd period - Shot Misses the Net.
2:27 of 3rd period - Tyler Wotherspoon is hit by Zdeno Chara and loses puck.
2:32 of 3rd period - Snap shot by Tomas Tatar.
2:32 of 3rd period - Shot Misses the Net.
3:18 of 3rd period - Snap shot by Nick Spaling.
3:18 of 3rd period - Stopped by Henrik Lundqvist without a rebound.
3:19 of 3rd period - Jordan Staal wins face-off versus Johan Franzen in Blues zone.
3:28 of 3rd period - Mark Fayne is hit by Jordan Staal and loses puck.
3:47 of 3rd period - Slapshot by Artem Anisimov.
3:47 of 3rd period - Shot Misses the Net.
4:01 of 3rd period - Mark Fayne is hit by Jordan Staal and loses puck.
4:24 of 3rd period - Wrist shot by Paul Byron.
4:24 of 3rd period - Shot Blocked by Mark Fayne.
4:30 of 3rd period - Brian Campbell is hit by Mark Fayne and loses puck.
5:22 of 3rd period - Wrist shot by Hampus Lindholm.
5:22 of 3rd period - Shot Blocked by Jason Spezza.
5:48 of 3rd period - Sean Couturier is hit by Nick Spaling and loses puck.
6:09 of 3rd period - Slapshot by Nick Spaling.
6:09 of 3rd period - Stopped by Henrik Lundqvist with a rebound.
6:11 of 3rd period - Slapshot by Tyler Wotherspoon.
6:11 of 3rd period - Stopped by Henrik Lundqvist with a rebound.
6:35 of 3rd period - Snap shot by Brandon Saad.
6:35 of 3rd period - Shot Misses the Net.
6:37 of 3rd period - Snap shot by Brandon Saad.
6:37 of 3rd period - Stopped by Ryan Miller without a rebound.
6:38 of 3rd period - Johan Franzen wins face-off versus Paul Byron in Flames zone.
7:11 of 3rd period - Wrist shot by Tomas Tatar.
7:11 of 3rd period - Shot Blocked by Joakim Andersson.
7:13 of 3rd period - Wrist shot by Andrew Desjardins.
7:13 of 3rd period - Shot Blocked by Sean Monahan.
7:15 of 3rd period - Wrist shot by Andrew Desjardins.
7:15 of 3rd period - Shot Misses the Net.
7:17 of 3rd period - Slapshot by Andrew Desjardins.
7:17 of 3rd period - Deflect By Cam Atkinson.
7:17 of 3rd period - Deflect By Sean Monahan.
7:17 of 3rd period - Stopped by Ryan Miller with a rebound.
7:19 of 3rd period - Slapshot by Kevan Miller.
7:19 of 3rd period - Deflect By Cam Atkinson.
7:19 of 3rd period - Shot Blocked by Kris Russell.
7:19 of 3rd period - Puck is out of play.
7:20 of 3rd period - Andrew Desjardins wins face-off versus Jason Spezza in Flames zone.
7:51 of 3rd period - Bryan Allen is hit by Mikael Backlund and loses puck.
7:58 of 3rd period - Slapshot by Jason Spezza.
7:58 of 3rd period - Shot Blocked by Artem Anisimov.
8:22 of 3rd period - Snap shot by Rick Nash.
8:22 of 3rd period - Shot Blocked by Kris Russell.
8:43 of 3rd period - Josh Gorges is hit by Kris Russell and loses puck.
10:09 of 3rd period - Snap shot by Steve Ott.
10:09 of 3rd period - Shot Hit the Post.
10:25 of 3rd period - Minor Penalty to Andrew Desjardins for Interference.
10:26 of 3rd period - Jason Spezza wins face-off versus Sean Couturier in Blues zone.
10:27 of 3rd period - Wrist shot by Jason Pominville.
10:27 of 3rd period - Stopped by Henrik Lundqvist without a rebound.
10:28 of 3rd period - Sean Couturier wins face-off versus Jason Spezza in Blues zone.
10:58 of 3rd period - Minor Penalty to Bryan Allen for Holding.
10:59 of 3rd period - Jordan Staal wins face-off versus Sean Couturier in Blues zone.
11:09 of 3rd period - Michael Frolik is hit by Zdeno Chara and loses puck.
11:18 of 3rd period - Slapshot by TJ Brodie.
11:18 of 3rd period - Stopped by Henrik Lundqvist with a rebound.
11:20 of 3rd period - Slapshot by TJ Brodie.
11:20 of 3rd period - Shot Blocked by Josh Gorges.
11:22 of 3rd period - Slapshot by TJ Brodie.
11:22 of 3rd period - Stopped by Henrik Lundqvist with a rebound.
11:54 of 3rd period - Josh Gorges is hit by TJ Brodie and loses puck.
12:25 of 3rd period - Penalty to Andrew Desjardins is over, Andrew Desjardins is back on ice.
12:32 of 3rd period - Off-side.
12:33 of 3rd period - Andrew Desjardins wins face-off versus Jordan Staal in neutral zone.
12:58 of 3rd period - Penalty to Bryan Allen is over, Bryan Allen is back on ice.
12:58 of 3rd period - Snap shot by Martin St. Louis.
12:58 of 3rd period - Shot Blocked by Bryan Allen.
13:00 of 3rd period - Snap shot by Jason Spezza.
13:00 of 3rd period - Shot Misses the Net.
13:02 of 3rd period - Slapshot by Cory Sarich.
13:02 of 3rd period - Stopped by Henrik Lundqvist with a rebound.
13:04 of 3rd period - Snap shot by Martin St. Louis.
13:04 of 3rd period - Shot Blocked by Mark Fayne.
13:06 of 3rd period - Snap shot by Jason Spezza.
13:06 of 3rd period - Stopped by Henrik Lundqvist with a rebound.
13:19 of 3rd period - Mark Fayne is hit by Tyler Wotherspoon and loses puck.
13:44 of 3rd period - Snap shot by Joe Colborne.
13:44 of 3rd period - Stopped by Henrik Lundqvist without a rebound.
13:45 of 3rd period - Joakim Andersson wins face-off versus Johan Franzen in Blues zone.
14:08 of 3rd period - Slapshot by Johan Franzen.
14:08 of 3rd period - Stopped by Ryan Miller with a rebound.
14:18 of 3rd period - Snap shot by Johan Franzen.
14:18 of 3rd period - Shot Blocked by Joakim Andersson.
14:34 of 3rd period - Backhand shot by Hampus Lindholm.
14:34 of 3rd period - Shot Misses the Net.
14:44 of 3rd period - Slapshot by Hampus Lindholm.
14:44 of 3rd period - Shot Blocked by TJ Brodie.
15:22 of 3rd period - Andrew Desjardins is hit by Michael Frolik and loses puck.
15:53 of 3rd period - Slapshot by Brian Campbell.
15:53 of 3rd period - Deflect By Joe Colborne.
15:53 of 3rd period - Stopped by Henrik Lundqvist without a rebound.
15:54 of 3rd period - Johan Franzen wins face-off versus Aleksander Barkov in Blues zone.
16:47 of 3rd period - Kevan Miller is hit by Paul Byron and loses puck.
17:26 of 3rd period - Justin Faulk is hit by Johan Franzen and loses puck.
18:07 of 3rd period - Wrist shot by Tomas Tatar.
18:07 of 3rd period - Stopped by Ryan Miller with a rebound.
18:31 of 3rd period - Slapshot by Jordan Staal.
18:31 of 3rd period - Shot Misses the Net.
18:33 of 3rd period - Snap shot by Michael Frolik.
18:33 of 3rd period - Stopped by Henrik Lundqvist without a rebound.
18:34 of 3rd period - Jordan Staal wins face-off versus Sean Couturier in Blues zone.
19:36 of 3rd period - Johan Franzen is hit by Nick Spaling and loses puck.
19:48 of 3rd period - Minor Penalty to Kris Russell for Tripping.
19:49 of 3rd period - Mikael Backlund wins face-off versus Johan Franzen in Flames zone.
19:49 of 3rd period - Mikael Backlund is hit by Zdeno Chara.
19:57 of 3rd period - Off-side.
19:58 of 3rd period - Johan Franzen wins face-off versus Joakim Andersson in neutral zone.
Goals for this period are 0 for Blues vs 1 for Flames.
Shots for this period are 6 for Blues vs 13 for Flames.


Output by the SimonT Hockey Simulator (STHS) for Eric Dolegowski -- Original Page W3C XHTML 1.0 Valid
Hockey Simulator - Hockey Simulation - Hockey Manager